 Dungeon Crawl Stone Soup version 0.21-a0-91-ga5031da (webtiles) character file.

88 Spazmo the Conjurer (level 4, -3/25 HPs)
             Began as a Deep Elf Conjurer on June 29, 2017.
             Killed by divine providence
             ... invoked by an orc priest
              (15 damage)
             ... on level 3 of the Dungeon.
             The game lasted 00:05:46 (2045 turns).

Spazmo the Conjurer (Deep Elf Conjurer)             Turns: 2045, Time: 00:05:47

Health: -3/25      AC:  4    Str:  5    XL:     4   Next: 29%
Magic:  8/12       EV: 13    Int: 21    God:
Gold:   137        SH:  0    Dex: 15    Spells: 8/11 levels left

rFire    . . .     SeeInvis .   d - +0 dagger
rCold    . . .     Gourm    .   (no shield)
rNeg     . . .     Faith    .   a - +0 robe
rPois    .         Spirit   .   (no helmet)
rElec    .         Reflect  .   (no cloak)
rCorr    .         Harm     .   (no gloves)
MR       .....                  k - +1 pair of boots
Stlth    ++........             (no amulet)
HPRegen  0.08/turn              (no ring)
MPRegen  0.13/turn              (no ring)

@: no status effects
A: no striking features
a: no special abilities


You were on level 3 of the Dungeon.
You were not hungry.

You visited 1 branch of the dungeon, and saw 3 of its levels.

You collected 137 gold pieces.

Inventory:

Hand Weapons
 d - a +0 dagger (weapon)
Missiles
 f - 149 stones (quivered)
Armour
 a - a +0 robe (worn)
 k - a +1 pair of boots (worn)
Scrolls
 h - 3 scrolls of teleportation
Potions
 e - a potion of curing {unknown}
 i - a potion of invisibility {unknown}
 l - a potion of mutation {unknown}
Books
 b - a book of Conjurations

   Spells                             Type                      Level
   a - Magic Dart                     Conjuration                  1
   b - Searing Ray                    Conjuration                  2
   c - Dazzling Spray                 Conjuration/Hexes            3
   d - Fulminant Prism                Conjuration/Hexes            4
   e - Force Lance                    Conjuration/Translocation    4
   f - Iskenderun's Mystic Blast      Conjuration                  4
Comestibles
 c - 2 bread rations
 g - 2 chunks of flesh


   Skills:
 + Level 1.0 Fighting
 + Level 3.1 Dodging
 - Level 2.4 Stealth
 * Level 4.3 Spellcasting
 * Level 5.1 Conjurations


You had 8 spell levels left.
You knew the following spells:

 Your Spells              Type           Power        Failure   Level  Hunger
a - Magic Dart            Conj           ####         1%          1    None
b - Searing Ray           Conj           ####..       1%          2    #......


Dungeon Overview and Level Annotations

Branches:
Dungeon (3/15)

Altars:
Yredelemnul

Annotations:
D:3 Ijyb


Message History

Confirm with . or Enter, or press ? or * to list all spells.
Aiming: Magic Dart
Press: ? - help, Shift-Dir - straight line, f/p - orc priest
Aim: an orc priest, wielding a flail and wearing a chain mail
Okay, then.
Casting: Magic Dart
Confirm with . or Enter, or press ? or * to list all spells.
Aiming: Searing Ray
Press: ? - help, Shift-Dir - straight line, f/p - orc priest
Aim: an orc priest, wielding a flail and wearing a chain mail The searing ray hits the orc priest.
The orc priest is lightly wounded. (Press . to maintain the ray.)
An orc comes into view. It is wielding a dagger.
The searing ray hits the orc.
You kill the orc!
The orc priest calls down the wrath of Beogh upon you.
Beogh smites you!
Ouch! That really hurt!
You die...

#.............#...#
#............##...#
+............##...#
#####.........#####...#
..............#.......#
..........#####........
..........##........o.
..............o).....#
..........##..@#.....#
..........##...# ....#
......).(.##...# ##o#
..........###### #
####.###### #. #.


You could see an orc priest and an orc (wandering).

Vanquished Creatures
  A hound skeleton (D:3)
  An adder (D:2)
  An ooze (D:2)
  4 worms (D:2)
  2 dart slugs
  A leopard gecko (D:3)
  An orc (D:3)
  A bat (D:1)
  A giant cockroach (D:3)
  5 goblins
  5 hobgoblins
  7 jackals
  A quokka (D:2)
  4 frilled lizards
  4 kobolds
  6 rats
45 creatures vanquished.

Notes
Turn   | Place    | Note
-------+----------+-------------------------------------------
     0 | D:1      | Spazmo the Deep Elf Conjurer began the quest for the Orb.
     0 | D:1      | Reached XP level 1. HP: 10/10 MP: 6/6
     0 | D:1      | Found a basalt altar of Yredelemnul.
   164 | D:1      | Reached XP level 2. HP: 15/15 MP: 6/8
   168 | D:1      | Learned a level 2 spell: Searing Ray
   944 | D:2      | Reached XP level 3. HP: 20/20 MP: 2/10
  1629 | D:2      | Reached skill level 5 in Conjurations
  1798 | D:2      | Reached skill level 1 in Fighting
  1822 | D:3      | Reached XP level 4. HP: 20/25 MP: 0/12
  1934 | D:3      | Noticed Ijyb
  2045 | D:3      | Killed from afar by an orc priest

Vault maps used:
D:1:      sevenhm_arrival_forest_fort_small_6, roderic_serpentine_path
D:3:      uniq_ijyb

Skill      XL: |  1  2  3 |
---------------+----------+-----
Spellcasting   | 4 |  4.3
Conjurations   | 5 |  5.1
Fighting       | 1 |  1.0
Dodging        | 3 |  3.1
Stealth        | |  2.4

Action                   |  1- 3 |  4- 6 || total
-------------------------+-------+-------++-------
Melee: Unarmed           |    17 |       ||    17
       Dagger            |    14 |     2 ||    16
 Cast: Magic Dart        |    90 |    10 ||   100
       Searing Ray       |       |     1 ||     1
  Use: Scroll            |     6 |       ||     6
  Eat: Chunk             |     2 |     1 ||     3
Armor: Robe              |     5 |       ||     5
Dodge: Dodged            |    30 |     2 ||    32
